Map: Jagannatha LE

Players

BattleB - Winner!

  • Race: Terran Terran

PtitDrogo

  • Race: Protoss Protoss

Event: DreamHack SC2 Masters 2021 Winter

VOD

Have the link to the VOD?

Description

Time

  • Played on: Oct. 10, 2021, 12:27 p.m.
  • Length: 11:49

All games in this series

Show
View Real Time Build Order
Export as new Build Order

BattleB Terran - Winner!

Build Orders: Cyclone Opening 

Get SALT Encoding   

  12  0:00  SCV  
  13  0:12  SCV  
  14  0:17  Supply Depot  
  14  0:24  SCV  
  15  0:39  SCV  
  15  0:40  Barracks  
  16  0:45  Refinery  
  16  0:51  SCV  
  17  1:01  Engineering Bay  
  17  1:04  SCV  
  18  1:16  SCV  
  19  1:28  Marine  
  19  1:29  Orbital Command  
  19  1:33  Supply Depot  
  19  1:45  Factory  
  19  1:46  Marine  
  20  1:55  SCV  
  21  2:04  Barracks Reactor  
  21  2:07  SCV  
  22  2:19  SCV  
  22  2:22  Command Center  
  23  2:28  Factory Tech Lab  
  23  2:31  SCV  
  23  2:32  Supply Depot  
  24  2:40  Marine x2  
  24  2:43  SCV  
  27  2:49  Cyclone  
  30  2:57  Barracks  
  30  2:59  Marine  
  30  3:02  Marine  
  31  3:06  SCV  
  32  3:12  Refinery  
  32  3:16  Marine  
  32  3:18  SCV  
  34  3:20  Marine  
  34  3:29  Cyclone  
  34  3:31  SCV  
  38  3:38  Marine  
  39  3:43  Marine  
  39  3:44  Orbital Command  
  39  3:45  Barracks Tech Lab  
  39  3:47  SCV  
  41  3:56  Marine  
  41  3:59  SCV  
  41  4:01  Marine  
  44  4:06  Siege Tank  
  45  4:11  SCV x2  
  45  4:13  Marine  
  45  4:17  Marine  
  46  4:21  Marine  
  46  4:23  SCV x2  
  46  4:29  Stimpack  
  45  4:32  Marine  
  45  4:35  SCV  
  45  4:36  SCV  
  49  4:43  Siege Tank  
  53  4:47  SCV  
  53  4:51  Barracks  
  54  4:53  SCV  
  54  4:56  Supply Depot x2  
  54  4:59  SCV  
  54  5:04  Engineering Bay  
  54  5:08  Marine x2  
  54  5:09  SCV, Marine  
  54  5:11  SCV  
  59  5:21  SCV  
  60  5:22  Refinery  
  60  5:24  Starport  
  60  5:26  SCV, Marine  
  62  5:31  Marauder, Factory Reactor, Marine  
  62  5:34  Terran Infantry Weapons Level 1  
  62  5:35  Supply Depot  
  65  5:36  SCV  
  61  5:46  SCV  
  61  5:47  Marine  
  60  5:51  SCV  
  60  5:52  Marauder, Marine  
  60  5:58  SCV  
  60  5:59  Combat Shield  
  60  6:00  Marine  
  60  6:02  Refinery  
  60  6:03  SCV  
  63  6:06  Marine  
  63  6:10  SCV, Marine  
  66  6:13  Factory Reactor  
  66  6:14  Marauder  
  68  6:18  Marine  
  68  6:20  SCV  
  68  6:24  Marine  
  68  6:25  SCV, Medivac  
  74  6:27  Supply Depot  
  74  6:28  Marine  
  74  6:29  Medivac  
  77  6:36  Marauder  
  77  6:37  SCV  
  78  6:40  Marauder  
  78  6:43  Supply Depot, Marine  
  78  6:45  Marine  
  82  6:52  Widow Mine x2  
  85  7:01  Medivac  
  88  7:02  Marauder x2, Barracks x2  
  88  7:05  Supply Depot  
  88  7:07  Marine  
  88  7:08  Marine  
  94  7:13  Viking  
  94  7:15  Widow Mine x2  
  98  7:25  Marine x2  
  98  7:26  Concussive Shells  
  98  7:27  Marine  
  98  7:28  Supply Depot  
  98  7:29  Marine, Terran Infantry Armor Level 1  
  102  7:36  Widow Mine  
  102  7:37  Widow Mine  
  106  7:42  Supply Depot, Medivac  
  106  7:43  Marine x2  
  110  7:49  Marine x2  
  110  7:50  Medivac  
  114  7:52  Barracks Tech Lab, Barracks Reactor  
  114  8:01  Marine  
  114  8:05  Marine  
  109  8:06  Widow Mine x2  
  109  8:07  Marine  
  109  8:09  Marine  
  111  8:18  Marine  
  111  8:19  Marine  
  104  8:22  Medivac x2, Marine  
  104  8:25  Marine  
  110  8:27  Marine  
  110  8:28  Supply Depot  
  110  8:29  Supply Depot  
  110  8:31  Marine x2  
  110  8:32  Widow Mine x2  
  117  8:36  Marine  
  117  8:37  Marine  
  117  8:40  Marine  
  120  8:43  Marine  
  120  8:46  Supply Depot  
  120  8:47  Marauder  
  123  8:48  Marine  
  123  8:49  Marine  
  123  8:54  Marauder  
  123  8:55  Marine  
  128  8:58  Marine  
  128  8:59  Widow Mine x2  
  131  9:02  Ghost Academy  
  131  9:08  Marine x3  
  136  9:13  Marine  
  137  9:18  Marine  
  137  9:20  Widow Mine  
  137  9:21  Widow Mine  
  142  9:26  Marine  
  133  9:31  Ghost x3  
  133  9:32  Enhanced Shockwaves  
  133  9:34  Marine  
  133  9:35  Marine  
  133  9:36  Marine  
  136  9:50  Liberator x2  
  136  9:52  Widow Mine  
  144  9:58  Marine x3  
  144  9:59  Marine  
  146  10:00  Marine  
  146  10:05  Ghost  
  147  10:13  Ghost  
  145  10:19  Marauder, Marine x2  
  145  10:20  Marine  
  145  10:21  Supply Depot  
  150  10:22  Supply Depot  
  150  10:29  Supply Depot  
  150  10:42  Marine x2  
  158  10:43  Marauder, Widow Mine x2, Marine  
  158  10:44  Marauder  
  158  10:46  Marauder  
  158  10:49  Marine  
  164  11:00  Marine  
  166  11:04  Marauder  
  166  11:08  Marine  
  166  11:09  Marauder  
  166  11:10  Widow Mine, Medivac  
  166  11:11  Widow Mine  
  156  11:14  Marine  
  156  11:17  Marine  
  148  11:20  Marine  
  148  11:21  Marauder  
Show
View Real Time Build Order
Export as new Build Order

PtitDrogo Protoss 

Build Orders: Blink Stalkers, Chargelot Immortal 

Get SALT Encoding   

  12  0:00  Probe  
  13  0:12  Probe  
  14  0:17  Pylon  
  14  0:24  Probe (Chrono Boost)  
  15  0:36  Probe (Chrono Boost)  
  15  0:38  Gateway  
  16  0:44  Probe (Chrono Boost)  
  16  0:46  Assimilator  
  17  0:51  Probe  
  18  1:03  Probe  
  19  1:15  Probe  
  20  1:31  Cybernetics Core  
  20  1:32  Probe  
  21  1:43  Pylon  
  21  1:53  Nexus  
  21  1:58  Probe  
  22  2:02  Assimilator  
  22  2:06  Adept (Chrono Boost)  
  22  2:12  Probe  
  25  2:16  Warp Gate  
  25  2:24  Probe  
  25  2:28  Stalker (Chrono Boost)  
  28  2:38  Probe  
  29  2:50  Twilight Council, Probe  
  30  3:05  Stalker, Probe (Chrono Boost)  
  33  3:06  Probe (Chrono Boost)  
  33  3:10  Gateway  
  34  3:15  Probe (Chrono Boost)  
  34  3:17  Probe (Chrono Boost)  
  36  3:21  Probe (Chrono Boost)  
  37  3:30  Probe  
  37  3:33  Probe  
  37  3:37  Shield Battery  
  37  3:40  Blink (Chrono Boost)  
  37  3:42  Probe  
  37  3:45  Probe  
  37  3:46  Robotics Facility  
  39  3:51  Pylon  
  39  3:54  Probe  
  39  3:57  Probe  
  40  4:05  Stalker x2  
  42  4:23  Probe  
  41  4:27  Probe  
  41  4:28  Pylon  
  41  4:30  Stalker x2  
  46  4:34  Nexus  
  46  4:37  Warp Prism (Chrono Boost)  
  46  4:46  Probe x2  
  48  4:53  Stalker x2  
  48  4:58  Probe x2  
  48  4:59  Pylon  
  54  5:07  Pylon  
  54  5:18  Stalker x2, Observer, Probe x2  
  61  5:26  Assimilator  
  61  5:27  Pylon  
  61  5:28  Assimilator  
  61  5:30  Gateway, Probe  
  61  5:31  Probe  
  63  5:42  Probe  
  58  5:57  Immortal, Probe (Chrono Boost), Charge (Chrono Boost)  
  59  6:01  Probe (Chrono Boost)  
  59  6:03  Gateway x2  
  65  6:04  Probe (Chrono Boost)  
  65  6:07  Gateway  
  67  6:12  Gateway, Probe (Chrono Boost)  
  67  6:13  Probe (Chrono Boost)  
  67  6:14  Gateway  
  67  6:17  Probe x2 (Chrono Boost)  
  68  6:22  Probe, Shield Battery  
  70  6:28  Templar Archives  
  70  6:29  Sentry  
  74  6:35  Stalker  
  74  6:40  Stalker  
  74  6:44  Shield Battery  
  74  6:45  Pylon  
  76  6:59  Zealot x4  
  76  7:00  Immortal  
  86  7:02  Pylon  
  86  7:03  Zealot  
  86  7:06  Zealot  
  90  7:15  Probe x2 (Chrono Boost)  
  93  7:16  Probe (Chrono Boost)  
  93  7:25  Pylon  
  93  7:27  Probe (Chrono Boost)  
  95  7:32  High Templar x2  
  95  7:33  Zealot x4, Probe x2 (Chrono Boost)  
  95  7:34  Probe (Chrono Boost), Pylon  
  95  7:35  Archon  
  109  7:39  Assimilator  
  109  7:42  Assimilator, Pylon  
  109  7:44  Pylon  
  109  7:58  Zealot x5  
  119  8:01  Psionic Storm  
  111  8:07  Zealot x3  
  101  8:20  Probe  
  100  8:27  High Templar x4  
  100  8:28  Warp Prism  
  104  8:35  Forge  
  104  8:40  High Templar x2  
  104  8:41  Zealot x2  
  112  8:46  Pylon  
  112  8:48  Observer  
  112  9:03  Zealot x6  
  118  9:19  Stalker x2  
  118  9:20  Immortal  
  118  9:21  Observer  
  124  9:33  Protoss Ground Weapons Level 1 (Chrono Boost)  
  124  9:35  Stalker x5  
  134  9:39  Forge  
  134  9:54  Stalker x2  
  134  9:57  Nexus  
  134  9:59  Immortal, Pylon  
  138  10:01  Stalker x3  
  136  10:08  Probe  
  136  10:12  Probe x2  
  139  10:20  Probe  
  140  10:23  Photon Cannon  
  140  10:26  Shield Battery  
  142  10:29  Pylon  
  142  10:31  Pylon, High Templar x3  
  142  10:32  Probe  
  142  10:35  High Templar  
  149  10:36  Archon  
  149  10:40  Archon  
  145  10:57  Zealot x3  
  145  11:04  Zealot x3  
  99  11:20  Stalker x4  
  95  11:32  Archon  
  95  11:37  Zealot x3, Archon  

Tags
 
Add a new tag
Caveats
  • Supply blocks, unpowered buildings, or Contaminate may cause inaccurate times.
  • Supply counts are checked every 10 seconds.